SL
THUNDER BAY NORTHERN LIONS BC @ SEATTLE AVIATORS
06/30/2034
 
TOP OF THE 1ST
Thunder Bay Northern Lions BC batting - Pitching for Seattle Aviators : LHP Wes Hamm
Pitching: LHP Wes Hamm
Batting: RHB Joe Aller 0-0: SOLO HOME RUN (Flyball, 78XD), Distance : 395 ft
Batting: RHB António Mendoza 0-0: Called Strike
0-1: Foul Ball, location: 2F
0-2: Ball
1-2: Ball
2-2: Fly out, F9 (Flyball, 9)
Batting: LHB Luis Freitas 0-0: Foul Ball, location: 2F
0-1: Foul Ball, location: 2F
0-2: Foul Ball, location: 2F
0-2: Strikes out swinging
Batting: RHB Juan Pedraza 0-0: Ball
1-0: Swinging Strike
1-1: Called Strike
1-2: DOUBLE (Flyball, 89D)
Batting: RHB Edgar Balerio 0-0: Ball
1-0: Ground out 6-3 (Groundball, 6)
Top of the 1st over - 1 run, 2 hits, 0 errors, 1 left on base; Thunder Bay 1 - Seattle 0
BOTTOM OF THE 1ST
Seattle Aviators batting - Pitching for Thunder Bay Northern Lions BC : RHP Juan Guillén
Pitching: RHP Juan Guillén
Batting: SHB Nuygen Vuong 0-0: Ball
1-0: Called Strike
1-1: Foul Ball, location: 2F
1-2: Ball
2-2: Ground out 6-3 (Groundball, 6)
Batting: RHB Alfredo Méndez 0-0: Foul Ball, location: 2F
0-1: Ball
1-1: Ball
2-1: Foul Ball, location: 2F
2-2: DOUBLE (Line Drive, 8LXD)
Batting: LHB Kenny Webster 0-0: Ball
1-0: Called Strike
1-1: Ball
2-1: Foul Ball, location: 2F
2-2: Ball
3-2: Strikes out swinging
Batting: RHB Arlen Joysey 0-0: Called Strike
0-1: Swinging Strike
0-2: Strikes out swinging
Bottom of the 1st over - 0 runs, 1 hit, 0 errors, 1 left on base; Thunder Bay 1 - Seattle 0
TOP OF THE 2ND
Thunder Bay Northern Lions BC batting - Pitching for Seattle Aviators : LHP Wes Hamm
Batting: RHB Ramón Degollado 0-0: Ball
1-0: Ball
2-0: Called Strike
2-1: DOUBLE (Line Drive, 78D)
Batting: SHB Robert La Caze 0-0: Ground out 1-3 (Groundball, 15S)
Batting: RHB Augusto Encarnación 0-0: Foul Ball, location: 2F
0-1: Ball
1-1: Foul Ball, location: 2F
1-2: Fly out, F7 (Flyball, 7)
Batting: RHB Carlos Padilla 0-0: Foul Ball, location: 2F
0-1: Ball
1-1: Ball
2-1: Swinging Strike
2-2: Strikes out looking
Top of the 2nd over - 0 runs, 1 hit, 0 errors, 1 left on base; Thunder Bay 1 - Seattle 0
BOTTOM OF THE 2ND
Seattle Aviators batting - Pitching for Thunder Bay Northern Lions BC : RHP Juan Guillén
Batting: LHB Yataro Kodo 0-0: Foul Ball, location: 2F
0-1: Swinging Strike
0-2: Ball
1-2: Strikes out looking
Batting: SHB Paul Wite 0-0: Ball
1-0: Called Strike
1-1: Ball
2-1: SINGLE (Line Drive, 6MD)
Batting: RHB Albert Zamudio 0-0: Foul Ball, location: 2F
0-1: Grounds into double play, 4-6-3 (Groundball, 4M)
Bottom of the 2nd over - 0 runs, 1 hit, 0 errors, 0 left on base; Thunder Bay 1 - Seattle 0
TOP OF THE 3RD
Thunder Bay Northern Lions BC batting - Pitching for Seattle Aviators : LHP Wes Hamm
Batting: RHB Joe Aller 0-0: Ball
1-0: Called Strike
1-1: Ball
2-1: Ball
3-1: Foul Ball, location: 2F
3-2: DOUBLE (Line Drive, 7LM)
Batting: RHB António Mendoza 0-0: Called Strike
0-1: Called Strike
0-2: Ball
1-2: Ball
2-2: Ball
3-2: Ground out 5-3 (Groundball, 56)
Batting: LHB Luis Freitas 0-0: Ball
1-0: Swinging Strike
1-1: SINGLE (Groundball, 6D)
Joe Aller to third
Runner from 3rd tries for Home, SAFE, no throw
Batting: RHB Juan Pedraza 0-0: Called Strike
0-1: Foul Ball, location: 2F
0-2: Ground out 5-3 (Groundball, 25)
Luis Freitas to second
Batting: RHB Edgar Balerio 0-0: Ball
1-0: Swinging Strike
1-1: Ground out 5-3 (Groundball, 5L)
Top of the 3rd over - 1 run, 2 hits, 0 errors, 1 left on base; Thunder Bay 2 - Seattle 0
BOTTOM OF THE 3RD
Seattle Aviators batting - Pitching for Thunder Bay Northern Lions BC : RHP Juan Guillén
Batting: RHB Logan Namajunas 0-0: Foul Ball, location: 2F
0-1: Fly out, F4 (Line Drive, 4)
Batting: LHB Del Truscott 0-0: Ball
1-0: Ball
2-0: Hit by Pitch
Batting: SHB Nuygen Vuong 0-0: Called Strike
0-1: Called Strike
0-2: Hit by Pitch
Del Truscott to second
Batting: RHB Alfredo Méndez 0-0: Fly out, F7 (Flyball, 78S)
Batting: LHB Kenny Webster 0-0: Foul Ball, location: 2F
0-1: Called Strike
0-2: Ball
1-2: Fly out, F9 (Flyball, 9LS)
Bottom of the 3rd over - 0 runs, 0 hits, 0 errors, 2 left on base; Thunder Bay 2 - Seattle 0
TOP OF THE 4TH
Thunder Bay Northern Lions BC batting - Pitching for Seattle Aviators : LHP Wes Hamm
Batting: RHB Ramón Degollado 0-0: Foul Ball, location: 2F
0-1: Foul Ball, location: 2F
0-2: Fly out, F7 (Line Drive, 7D)
Batting: SHB Robert La Caze 0-0: Ball
1-0: Ball
2-0: Swinging Strike
2-1: Ground out U3 (Groundball, 34S)
Batting: RHB Augusto Encarnación 0-0: Called Strike
0-1: Swinging Strike
0-2: Strikes out swinging
Top of the 4th over - 0 runs, 0 hits, 0 errors, 0 left on base; Thunder Bay 2 - Seattle 0
BOTTOM OF THE 4TH
Seattle Aviators batting - Pitching for Thunder Bay Northern Lions BC : RHP Juan Guillén
Batting: RHB Arlen Joysey 0-0: Foul Ball, location: 2F
0-1: Swinging Strike
0-2: Ball
1-2: Reached on error, E6 (Groundball, 6)
Batting: LHB Yataro Kodo 0-0: Ball
1-0: Fly out, F8 (Flyball, 8LXD)
Batting: SHB Paul Wite 0-0: Ball
1-0: Called Strike
1-1: Ball
2-1: Swinging Strike
2-2: Grounds into double play, 4-6-3 (Groundball, 4)
Bottom of the 4th over - 0 runs, 0 hits, 1 error, 0 left on base; Thunder Bay 2 - Seattle 0
TOP OF THE 5TH
Thunder Bay Northern Lions BC batting - Pitching for Seattle Aviators : LHP Wes Hamm
Batting: RHB Carlos Padilla 0-0: Foul Ball, location: 2F
0-1: Ball
1-1: Called Strike
1-2: SINGLE (Groundball, 6MD)
Batting: RHB Joe Aller 0-0: Foul Ball, location: 2F
0-1: Called Strike
0-2: Ball
1-2: Grounds into double play, 6-4-3 (Groundball, 6)
Batting: RHB António Mendoza 0-0: Called Strike
0-1: Swinging Strike
0-2: Fly out, F5 (Popup, 15)
Top of the 5th over - 0 runs, 1 hit, 0 errors, 0 left on base; Thunder Bay 2 - Seattle 0
BOTTOM OF THE 5TH
Seattle Aviators batting - Pitching for Thunder Bay Northern Lions BC : RHP Juan Guillén
Batting: RHB Albert Zamudio 0-0: Foul Ball, location: 2F
0-1: Called Strike
0-2: Strikes out looking
Batting: RHB Logan Namajunas 0-0: Swinging Strike
0-1: Swinging Strike
0-2: Ball
1-2: Foul Ball, location: 2F
1-2: Ball
2-2: Ball
3-2: Strikes out swinging
Batting: LHB Del Truscott 0-0: Called Strike
0-1: Called Strike
0-2: Ball
1-2: Ball
2-2: Strikes out swinging
Bottom of the 5th over - 0 runs, 0 hits, 0 errors, 0 left on base; Thunder Bay 2 - Seattle 0
TOP OF THE 6TH
Thunder Bay Northern Lions BC batting - Pitching for Seattle Aviators : LHP Wes Hamm
Batting: LHB Luis Freitas 0-0: Ball
1-0: Ball
2-0: Ball
3-0: Called Strike
3-1: Foul Ball, location: 2F
3-2: Foul Ball, location: 2F
3-2: Ground out 4-3 (Groundball, 4M)
Batting: RHB Juan Pedraza 0-0: Ball
1-0: Called Strike
1-1: Ball
2-1: Foul Ball, location: 2F
2-2: Strikes out swinging
Batting: RHB Edgar Balerio 0-0: Swinging Strike
0-1: Called Strike
0-2: Strikes out swinging
Top of the 6th over - 0 runs, 0 hits, 0 errors, 0 left on base; Thunder Bay 2 - Seattle 0
BOTTOM OF THE 6TH
Seattle Aviators batting - Pitching for Thunder Bay Northern Lions BC : RHP Juan Guillén
Batting: SHB Nuygen Vuong 0-0: Called Strike
0-1: Swinging Strike
0-2: Ball
1-2: Ball
2-2: Foul Ball, location: 2F
2-2: Foul Ball, location: 2F
2-2: Ball
3-2: Fly out, F7 (Flyball, 7S)
Batting: RHB Alfredo Méndez 0-0: Called Strike
0-1: Called Strike
0-2: Ball
1-2: Fly out, F9 (Flyball, 89S)
Batting: LHB Kenny Webster 0-0: Fly out, F8 (Flyball, 78M)
Bottom of the 6th over - 0 runs, 0 hits, 0 errors, 0 left on base; Thunder Bay 2 - Seattle 0
TOP OF THE 7TH
Thunder Bay Northern Lions BC batting - Pitching for Seattle Aviators : LHP Wes Hamm
Batting: RHB Ramón Degollado 0-0: Called Strike
0-1: Foul Ball, location: 2F
0-2: Ball
1-2: Foul Ball, location: 2F
1-2: Ball
2-2: Foul Ball, location: 2F
2-2: SINGLE (Line Drive, 56)
Batting: SHB Robert La Caze 0-0: Ball
1-0: Swinging Strike
1-1: Bunted foul
1-2: Grounds into double play, 5-4-3 (Groundball, 56)
Batting: RHB Augusto Encarnación 0-0: Fly out, F7 (Flyball, 7)
Top of the 7th over - 0 runs, 1 hit, 0 errors, 0 left on base; Thunder Bay 2 - Seattle 0
BOTTOM OF THE 7TH
Seattle Aviators batting - Pitching for Thunder Bay Northern Lions BC : RHP Juan Guillén
Batting: RHB Arlen Joysey 0-0: Ball
1-0: SOLO HOME RUN (Flyball, 7LD), Distance : 337 ft
Pitching: RHP Anatoly Ivanovich
Batting: LHB Yataro Kodo 0-0: Ball
1-0: Ball
2-0: Called Strike
2-1: Foul Ball, location: 2F
2-2: Ground out 3-1 (Groundball, 34S)
Batting: SHB Paul Wite 0-0: Ground out 4-3 (Groundball, 4MS)
Batting: RHB Albert Zamudio 0-0: Called Strike
0-1: Ball
1-1: Ground out 5-3 (Groundball, 56S)
Bottom of the 7th over - 1 run, 1 hit, 0 errors, 0 left on base; Thunder Bay 2 - Seattle 1
TOP OF THE 8TH
Thunder Bay Northern Lions BC batting - Pitching for Seattle Aviators : LHP Wes Hamm
Pitching: RHP Zach Rediker
Batting: RHB Carlos Padilla 0-0: Foul Ball, location: 2F
0-1: SINGLE (Flyball, 9S)
Batting: RHB Joe Aller 0-0: Fly out, F9 (Flyball, 9D)
Batting: RHB António Mendoza 0-0: Ball
1-0: Ball
2-0: Called Strike
2-1: Ball
3-1: Called Strike
3-2: Fly out, F8 (Flyball, 8RM)
Batting: LHB Luis Freitas 0-0: Ball
1-0: Fly out, F9 (Flyball, 89D)
Top of the 8th over - 0 runs, 1 hit, 0 errors, 1 left on base; Thunder Bay 2 - Seattle 1
BOTTOM OF THE 8TH
Seattle Aviators batting - Pitching for Thunder Bay Northern Lions BC : RHP Anatoly Ivanovich
Batting: RHB Logan Namajunas 0-0: Fly out, F7 (Flyball, 7)
Batting: LHB Del Truscott 0-0: Foul Ball, location: 2F
0-1: Ball
1-1: Foul Ball, location: 2F
1-2: Strikes out swinging
Batting: SHB Nuygen Vuong 0-0: Ball
1-0: Ball
2-0: Foul Ball, location: 2F
2-1: Ball
3-1: Swinging Strike
3-2: Ground out 6-3 (Groundball, 56)
Bottom of the 8th over - 0 runs, 0 hits, 0 errors, 0 left on base; Thunder Bay 2 - Seattle 1
TOP OF THE 9TH
Thunder Bay Northern Lions BC batting - Pitching for Seattle Aviators : RHP Zach Rediker
Pitching: LHP Holden Rosen Grupp
Batting: RHB Juan Pedraza 0-0: Called Strike
0-1: Foul Ball, location: 2F
0-2: Ground out 5-3 (Groundball, 5)
Batting: RHB Edgar Balerio 0-0: Ball
1-0: Ball
2-0: Called Strike
2-1: Called Strike
2-2: Ball
3-2: SINGLE (Groundball, 34S) (infield hit)
Batting: RHB Ramón Degollado 0-0: Foul Ball, location: 2F
0-1: Ball
1-1: Ball
2-1: Foul Ball, location: 2F
2-2: Foul Ball, location: 2F
2-2: Strikes out swinging
Pinch Hitting: RHB Hou Kong 0-0: Ball
1-0: Ball
2-0: Ball
3-0: Called Strike
3-1: Swinging Strike
3-2: Strikes out swinging
Top of the 9th over - 0 runs, 1 hit, 0 errors, 1 left on base; Thunder Bay 2 - Seattle 1
BOTTOM OF THE 9TH
Seattle Aviators batting - Pitching for Thunder Bay Northern Lions BC : RHP Anatoly Ivanovich
Now at 2B: Woodrow Terrebonne
Batting: RHB Alfredo Méndez 0-0: Ball
1-0: Ball
2-0: Called Strike
2-1: Swinging Strike
2-2: Foul Ball, location: 2F
2-2: Strikes out looking
Batting: LHB Kenny Webster 0-0: Swinging Strike
0-1: Ball
1-1: Called Strike
1-2: Strikes out swinging
Batting: RHB Arlen Joysey 0-0: Swinging Strike
0-1: Ball
1-1: Swinging Strike
1-2: Foul Ball, location: 2F
1-2: Foul Ball, location: 2F
1-2: Fly out, F8 (Flyball, 8RXD)
Bottom of the 9th over - 0 runs, 0 hits, 0 errors, 0 left on base; Thunder Bay 2 - Seattle 1
Friday, March 29th, 2019 - OOTP Baseball 18.8 Build 76